 Dungeon Crawl Stone Soup version 0.29.1-14-g9c671dbff4 (console) character file.

Game seed: 8333104992456347801

45 om the Insei (level 3, -2/28 HPs)
             Began as a Djinni Transmuter on Feb 14, 2023.
             Slain by a gnoll
             ... wielding a +0 spear
              (5 damage)
             ... on level 2 of the Dungeon.
             The game lasted 00:02:58 (1755 turns).

om the Insei (Djinni Transmuter)                    Turns: 1755, Time: 00:02:59

Health: -2/28      AC:  2    Str: 11    XL:     3   Next: 90%
Gold:   48         EV: 12    Int: 14    God:
                   SH:  0    Dex: 13

rFire   + + .      SeeInvis .   h - +0 dagger (venom)
rCold   x . .      Faith    .   (no shield)
rNeg    . . .      Spirit   .   a - +0 robe
rPois   ∞          Reflect  .   (helmet currently unavailable)
rElec   .          Harm     .   (no cloak)
rCorr   .          Rampage  .   (no gloves)
Will    .....                   (boots unavailable)
Stlth   +.........              f - amulet of the acrobat
HPRegen 0.09/turn               (no ring)
MPRegen 0.00/turn               (no ring)

@: appendages (expiring), flying
A: horns 2, flying, sickness immunity, fire resistance 2, cold vulnerability 1,
float, innate caster, HP casting, extra vitality 1
a: End Transformation


You were on level 2 of the Dungeon.
You had temporarily grown beastly horns.
You visited 1 branch of the dungeon, and saw 2 of its levels.

You collected 48 gold pieces.

Inventory:

Hand Weapons
 h - a +0 dagger of venom (weapon)
Armour
 a - a +0 robe (worn)
Jewellery
 f - an amulet of the acrobat (around neck)
Scrolls
 i - a scroll of magic mapping {unknown}
Potions
 b - 2 potions of haste
 c - 4 potions of curing
 d - a potion of flight {unknown}
 g - a potion of invisibility {unknown}


   Skills:
 + Level 1.9 Fighting
 + Level 0.4 Armour
 + Level 2.8 Dodging
 - Level 3.3 Unarmed Combat
 + Level 2.0 Spellcasting


You couldn't memorise any spells.
You knew the following spells:

 Your Spells              Type           Power      Damage    Failure   Level
a - Beastly Appendage     Tmut           14%        N/A       11%         1
b - Wereblood             Tmut           7%         N/A       16%         2
c - Spider Form           Tmut/Pois      7%         N/A       30%         3
d - Ice Form              Ice/Tmut       7%         N/A       71%         4
e - Foxfire               Conj/Fire      28%        2x1d5     11%         1
Your spell library was empty.

Dungeon Overview and Level Annotations

Branches:
Dungeon (2/15)

Altars:


Innate Abilities, Weirdness & Mutations

You have temporarily grown beastly horns.
You are flying.
You are immune to sickness and miasma.
You are immune to poison.
Your flesh is very heat resistant. (rF++)
You are vulnerable to cold. (rC-)
You float through the air rather than walking.
You learn spells naturally, not from books.
Your magical power is your life essence.
You have superior vitality. (+4 MHP)


Message History

There is a stone staircase leading down here.
You fly downwards.
There is a stone staircase leading up here.
Found a stone staircase leading down.
Found a sling.
i - a scroll labelled OCATEUG NUAJI You now have 48 gold pieces (gained 15).
You see here a +0 sling.
As you read the scroll labelled WUOTSAB ZURHE, it crumbles to dust.
It is a scroll of identify.
b - 2 potions of haste
As you read the scroll of identify, it crumbles to dust.
c - 4 potions of curing As you open the door, it creaks loudly!
You hear a shout! x2
A gnoll comes into view. It is wielding a +0 spear.
You grow a pair of large bovine horns.
A gnoll comes into view. It is wielding a +0 spear.
The gnoll shouts!
Your transformation is almost over.
You extend your transformation's duration.
The gnoll completely misses you. The gnoll barely misses you.
Your transformation is almost over.
A gnoll comes into view. It is wielding a +0 club.
The gnoll completely misses you. x2
You closely miss the gnoll. You headbutt the gnoll!
The gnoll is heavily wounded.
The gnoll hits you with a +0 spear. The gnoll barely misses you.
You closely miss the gnoll. You headbutt the gnoll.
The gnoll is moderately wounded.
The gnoll barely misses you. The gnoll hits you with a +0 spear.
You hit the gnoll. Your headbutt misses the gnoll.
The gnoll is heavily wounded.
The gnoll closely misses you. The gnoll hits you with a +0 spear!
You hit the gnoll but do no damage.
The gnoll is poisoned.
The gnoll is moderately wounded.
The gnoll hits you with a +0 spear!
* * * LOW HITPOINT WARNING * * *
The gnoll hits you with a +0 spear.
You die...

#........#
#........#
#........#
#).......#
###........#
+.'........#
.###........#
..........g..#
.......gg@...#
......##'###..#
...... # ##.##
......
####..#.#
.P....
#.......# ...
#.####......
#.#..###....
#.#..# ..>.
#.#<.# #+#


You could see 3 gnolls.

Vanquished Creatures
  A gnoll (D:1)
  A dart slug (D:1)
  2 endoplasms (D:1)
  A hobgoblin (D:1)
  6 jackals (D:1)
  2 quokkas (D:1)
  3 ball pythons (D:1)
  2 bats (D:1)
  6 frilled lizards (D:1)
  2 goblins (D:1)
  6 kobolds (D:1)
32 creatures vanquished.

Vanquished Creatures (others)
  3 plants (D:2)
3 creatures vanquished.

Grand Total: 35 creatures vanquished

Notes
Turn   | Place    | Note
-------+----------+-------------------------------------------
     0 | D:1      | om the Djinni Transmuter began the quest for the Orb.
     0 | D:1      | om set off with the following spells memorised: Beastly
                  | Appendage, Wereblood, Spider Form, Ice Form.
     0 | D:1      | Reached XP level 1. HP: 17/17 MP: 0/0
     2 | D:1      | Noticed a vine stalker
     4 | D:1      | Noticed a tengu
     4 | D:1      | Noticed an octopode
     6 | D:1      | Noticed a troll
     6 | D:1      | Noticed a vampire
     8 | D:1      | Noticed a meteoran
     8 | D:1      | Noticed a spriggan
    10 | D:1      | Noticed a minotaur
    12 | D:1      | Noticed a formicid
    12 | D:1      | Noticed a palentonga
    14 | D:1      | Noticed a gargoyle
    14 | D:1      | Noticed a demigod
    16 | D:1      | Noticed a ghoul
    16 | D:1      | Noticed a human
    18 | D:1      | Noticed a felid
    18 | D:1      | Noticed a draconian
    20 | D:1      | Noticed an elf
    20 | D:1      | Noticed a demonspawn
    22 | D:1      | Noticed a merfolk
    24 | D:1      | Noticed an ogre
    24 | D:1      | Noticed a naga
    26 | D:1      | Noticed a vampire
    26 | D:1      | Noticed a tengu
    46 | D:1      | Reached XP level 2. HP: 8/22 MP: 0/0
   356 | D:1      | HP: 1/22 [jackal (3)]
   363 | D:1      | Reached XP level 3. HP: 3/27 MP: 0/0
   363 | D:1      | Learned a level 1 spell: Foxfire
  1755 | D:2      | Slain by a gnoll

Illustrated notes

Levels and vault maps discovered:
D:1:      kb_arrival_jail, layout_loops_cross, grunt_decor_one_mirror
D:2:      layout_basic, nicolae_grassy_gnolls

Skill      XL: |  1  2  3 |
---------------+----------+-----
Spellcasting   | 2 |  2.0
Fighting       | |  1.9
Armour         | |  0.4
Dodging        | |  2.8
Unarmed Combat | |  3.3

Action                   || total
-------------------------++-------
Melee: Unarmed           ||    72
       Headbutt          ||    15
       Punch             ||     2
       Dagger            ||    45
 Cast: Beastly Appendage ||    21
  Use: Potion            ||     1
       Scroll            ||     2
 Stab: Sleeping          ||     2
Armor: Robe              ||    14
       Skin              ||     5
Dodge: Dodged            ||    85
